 Dungeon Crawl Stone Soup version 0.27.1-1-g398f81649c (webtiles) character file.

Game seed: 12530115441152384840

39 phibes the Ruffian (level 3, 0/35 HPs)
             Began as a Troll Warper on Sept 10, 2021.
             Slain by a goblin (5 damage)
             ... led by Robin
             ... on level 1 of the Dungeon.
             The game lasted 00:14:23 (1107 turns).

phibes the Ruffian (Troll Warper)                   Turns: 1107, Time: 00:14:24

Health: 0/35       AC:  4    Str: 20    XL:     3   Next: 26%
Magic:  3/3        EV: 10    Int:  9    God:
Gold:   0          SH:  0    Dex:  9    Spells: 4/4 levels left

rFire    + . .     SeeInvis .     - Unarmed
rCold    x . .     Faith    .   (no shield)
rNeg     . . .     Spirit   .   a - +0 robe
rPois    .         Reflect  .   (helmet restricted)
rElec    .         Harm     .   (no cloak)
rCorr    .         Rampage  .   (gloves unavailable)
Will     .....                  (boots unavailable)
Stlth    +.........             (no amulet)
HPRegen  1.11/turn              m - ring of fire
MPRegen  0.08/turn              (no ring)

@: no status effects
A: large, unfitting armour, claws 3, regeneration 1, shaggy fur 1, tough skin 1
a: no special abilities


You were on level 1 of the Dungeon.
You visited 1 branch of the dungeon, and saw 2 of its levels.

Inventory:

Hand Weapons
 k - a +1 dagger of speed
Missiles
 c - 5 boomerangs of dispersal (quivered)
Armour
 a - a +0 robe (worn)
Jewellery
 m - a ring of fire (left claw)
Scrolls
 b - a scroll of blinking
 f - 2 scrolls of teleportation {unknown}
 h - 2 scrolls of identify {unknown}
 i - a scroll of amnesia {unknown}
 l - a scroll of enchant weapon {unknown}
Potions
 d - a potion of heal wounds {unknown}
 e - a potion of cancellation {unknown}
 g - a potion of degeneration {unknown}
 j - a potion of ambrosia {unknown}
 n - a potion of attraction {unknown}


   Skills:
 * Level 2.2 Fighting
 - Level 0.8 Throwing
 + Level 2.2 Dodging
 + Level 0.2 Stealth
 + Level 2.8 Unarmed Combat
 - Level 1.2 Spellcasting
 - Level 2.1 Translocations


You had 4 spell levels left.
You didn't know any spells.
Your spell library contained the following spells:

 Spells                   Type           Power      Damage    Failure   Level
 Blink                    Tloc           N/A        N/A       22%         2
 Gell's Gravitas          Tloc           2%         N/A       41%         3
 Lesser Beckoning         Tloc           2%         N/A       41%         3
 Teleport Other           Tloc           4%         N/A       41%         3
 Manifold Assault         Tloc           4%         N/A       99%         5


Dungeon Overview and Level Annotations

Branches:
Dungeon (2/15)

Altars:

Shops:
D:2 [

Annotations:
D:2 Robin, Sigmund


Innate Abilities, Weirdness & Mutations

You are too large for most types of armour.
You have claws for hands.
Your natural rate of healing is unusually fast.
You are covered in fur. (AC +1)
You have tough skin. (AC +1)


Message History

a +0 dagger; a goblin corpse The hobgoblin hits you but does no damage.
The goblin no longer looks unusually strong.
You see here a rat corpse.
There is a stone staircase leading up here.
Robin roars a battlecry!
The goblins go into a battle-frenzy!
You climb upwards.
There is a stone staircase leading down here.
There is a stone staircase leading down here.
You climb downwards.
Level annotation: Robin, Sigmund The hobgoblin hits you but does no damage.
The hobgoblin hits you. The goblin hits you with a +0 club.
The hobgoblin hits you but does no damage.
There is a stone staircase leading up here.
The hobgoblin hits you. The goblin hits you with a +0 club.
The hobgoblin barely misses you. x2
The goblin hits you with a +2 dagger of pain.
You climb upwards.
There is a stone staircase leading down here.
You claw the hobgoblin!
You kill the hobgoblin!
The hobgoblin closely misses you.
The goblin hits you with a +2 dagger of pain.
You closely miss the goblin. The goblin barely misses you.
The hobgoblin hits you. The hobgoblin barely misses you.
The goblin hits you with a +2 dagger of pain!
You scratch the goblin but do no damage.
The goblin hits you with a +0 club.
* * * LOW HITPOINT WARNING * * *
The hobgoblin hits you but does no damage.
The hobgoblin barely misses you.
The goblin hits you with a +2 dagger of pain.
* * * LOW HITPOINT WARNING * * *
You barely miss the goblin. The goblin hits you but does no damage.
The hobgoblin closely misses you.
The hobgoblin hits you but does no damage.
The goblin hits you with a +2 dagger of pain.
You die...

.#.#########..##'########....####
.#.##.......#.##.# #........
.#.##.......#..#.# ###'#....
.#.##.......##.#.# #.#####
...##.......##...# #......
#...#......!###..################
'...+.......'....................
#...#.....รท.###gg################
'...'.......'..g@g...............
#...#.......#####################
#...######### #...# #...# #####


You could see 2 hobgoblins and 2 goblins.

Vanquished Creatures
  An adder (D:2)
  A ball python (D:1)
  3 endoplasms
  2 giant cockroaches
  6 goblins (D:2)
  4 hobgoblins (D:1)
  2 quokkas (D:1)
  3 bats
  A kobold (D:2)
  3 rats
26 creatures vanquished.

Notes
Turn   | Place    | Note
-------+----------+-------------------------------------------
     0 | D:1      | phibes the Troll Warper began the quest for the Orb.
     0 | D:1      | Reached XP level 1. HP: 19/19 MP: 1/1
   507 | D:1      | Reached XP level 2. HP: 28/28 MP: 2/2
   862 | D:2      | Noticed Sigmund
   923 | D:2      | Found Zeigel's Armour Shop.
  1013 | D:2      | Reached XP level 3. HP: 31/35 MP: 3/3
  1041 | D:2      | Noticed Robin
  1107 | D:1      | Slain by a goblin

Illustrated notes

Levels and vault maps discovered:
D:1:      dpeg_arrival_fog, layout_basic
D:2:      layout_rooms, serial_shops, nicolae_shop_competitors_out_of_business,
          basic_altar, uniq_robin, uniq_natasha, uniq_sigmund

Skill      XL: |  1  2 |
---------------+-------+-----
Dodging        | 2 |  2.2
Fighting       | 2 |  2.2
Throwing       | |  0.8
Stealth        | |  0.2
Unarmed Combat | |  2.8
Spellcasting   | |  1.2
Translocations | |  2.1

Action                   || total
-------------------------++-------
Melee: Unarmed           ||    80
 Stab: Sleeping          ||     1
Armor: Robe              ||    27
Dodge: Dodged            ||    41
